 Dungeon Crawl Stone Soup version 0.19-a0-585-ge40200b (webtiles) character file.

10 ololoev the Firebug (level 2, 13/15 HPs)
             Began as a Deep Elf Fire Elementalist on June 9, 2016.
             Was an Initiate of Gozag.
             Quit the game on level 2 of the Dungeon.
             The game lasted 00:01:04 (194 turns).

ololoev the Firebug (Deep Elf Fire Elementalist)     Turns: 194, Time: 00:01:05

Health: 13/15      AC:  2    Str:  5    XL:     2   Next: 10%
Magic:  5/8        EV: 13    Int: 19    God:    Gozag
Gold:   50         SH:  0    Dex: 15    Spells: 1 memorised, 6 levels left

rFire  + . .     SeeInvis .     (no weapon)
rCold  . . .     Gourm    .     a - +0 robe
rNeg   . . .     Faith    .     (no shield)
rPois  .         Spirit   .     (no helmet)
rElec  .         Dismiss  .     (no cloak)
rCorr  .         Reflect  .     (no gloves)
SustAt .         Harm     .     (no boots)
MR     .....                    (no amulet)
Stlth  ++........               (no ring)
                                h - ring of protection from fire

@: not resistant to hostile enchantments, unstealthy
A: no striking features
a: Potion Petition, Call Merchant, Bribe Branch, Renounce Religion

Inventory:

Armour
 a - a +0 robe (worn)
Jewellery
 h - a ring of protection from fire (left hand)
Scrolls
 d - 2 scrolls of identify {unknown}
 e - a scroll of noise {unknown}
 g - a scroll of remove curse {unknown}
Potions
 f - 2 potions of flight {unknown}
 i - a potion of curing {unknown}
Books
 b - a book of Flames

   Spells                             Type                      Level
   a - Flame Tongue                   Conjuration/Fire             1
   b - Throw Flame                    Conjuration/Fire             2
   c - Conjure Flame                  Conjuration/Fire             3
   d - Inner Flame                    Hexes/Fire                   3
   e - Sticky Flame                   Conjuration/Fire             4
   f - Fireball                       Conjuration/Fire             5
Comestibles
 c - a bread ration


   Skills:
 - Level 2.4 Dodging
 - Level 2.4 Stealth
 + Level 3.1 Spellcasting
 * Level 2.0 Conjurations
 + Level 3.4 Fire Magic


You had 6 spell levels left.
You knew the following spells:

 Your Spells              Type           Power        Failure   Level  Hunger
a - Flame Tongue          Conj/Fire      ##...        6%          1    None


You were on level 2 of the Dungeon.
You worshipped Gozag.
Gozag was noncommittal.
You were not hungry.

You visited 1 branch of the dungeon, and saw 2 of its levels.

You collected 50 gold pieces.

#. ######### ..
#.......# #.
##...8...#
#.####...8.8..#
#.......8.@.8.##
#........8.8...#
#####.........8....#
!..................#
###........#####..#
######........# ?##
..............# #
..†..............
.......#########.

Notes
Turn   | Place    | Note
--------------------------------------------------------------
     0 | D:1      | ololoev the Deep Elf Fire Elementalist began the quest for the Orb.
     0 | D:1      | Reached XP level 1. HP: 10/10 MP: 6/6
   137 | D:2      | Reached XP level 2. HP: 10/15 MP: 1/8
   186 | D:2      | Found a faded altar of an unknown god.
   194 | D:2      | Became a worshipper of Gozag Ym Sagoz the Greedy
   194 | D:2      | Quit the game

Dungeon Overview and Level Annotations

Branches:
Dungeon (2/15)

Altars:
Gozag


Message History

Confirm with . or Enter, or press ? or * to list all spells.
Aiming: Flame Tongue
Press: ? - help, Shift-Dir - straight line, f - bat
Aim: a bat The flame tongue hits the bat.
You kill the bat!
Your magical contamination has completely faded away.
You now have 41 gold pieces (gained 10).
You now have 50 gold pieces (gained 9).
There is a stone staircase leading down here.
You climb downwards.
A kobold comes into view. It is wielding a dagger.
There is a stone staircase leading up here.
Casting: Flame Tongue
Confirm with . or Enter, or press ? or * to list all spells.
Aiming: Flame Tongue
Press: ? - help, Shift-Dir - straight line, f - kobold
Aim: a kobold, wielding a dagger The flame tongue hits the kobold.
The kobold appears unharmed.
The kobold hits you with a dagger.
Casting: Flame Tongue
Confirm with . or Enter, or press ? or * to list all spells.
Aiming: Flame Tongue
Press: ? - help, Shift-Dir - straight line, f/p - kobold
Aim: a kobold, wielding a dagger The flame tongue hits the kobold.
The kobold is severely wounded.
The kobold misses you.
Casting: Flame Tongue
Confirm with . or Enter, or press ? or * to list all spells.
Aiming: Flame Tongue
Press: ? - help, Shift-Dir - straight line, f/p - kobold
Aim: a kobold, wielding a dagger (severely wounded)
The flame tongue misses the kobold.
The kobold hits you with a dagger.
Casting: Flame Tongue
Confirm with . or Enter, or press ? or * to list all spells.
Aiming: Flame Tongue
Press: ? - help, Shift-Dir - straight line, f/p - kobold
Aim: a kobold, wielding a dagger (severely wounded)
The flame tongue hits the kobold.
You kill the kobold!
You have reached level 2!
Things that are here:
a dagger; a kobold corpse
Found a cabochon ring.
h - a cabochon ring;
i - an orange potion Put on which piece of jewellery? (? for menu, Esc to quit)
h - a ring of protection from fire (left hand)
You open the door.
Found a scroll labeled TIUSME YDGHIT.
Found a plate armour.
There is an open door here.
d - 2 scrolls labeled TIUSME YDGHIT (gained 1)
A ball python comes into view.
Casting: Flame Tongue
Confirm with . or Enter, or press ? or * to list all spells.
Aiming: Flame Tongue
Press: ? - help, Shift-Dir - straight line, f - ball python
Aim: a ball python The flame tongue hits the ball python.
The ball python is heavily wounded.
The ball python bites you but does no damage.
The ball python barely misses you.
Casting: Flame Tongue
Confirm with . or Enter, or press ? or * to list all spells.
Aiming: Flame Tongue
Press: ? - help, Shift-Dir - straight line, f/p - ball python
Aim: a ball python (heavily wounded)
The flame tongue hits the ball python.
You kill the ball python!
Your Conjurations skill increases to level 2!
Found a fizzy cyan potion.
Found a faded altar of an unknown god.
Found a scroll labeled TIUSME YDGHIT.
There is a faded altar of an unknown god here.
This altar will convert you to a god.
You cannot discern which.
Do you pray? Gozag accepts your prayer! Gozag welcomes you!
Gozag waives the service fee.
Gozag offers you a free set of potion effects!
Are you sure you want to abandon this character and quit the game? (Confirm with "yes".)

There were no monsters in sight!

Vanquished Creatures
  A dart slug (D:1)
  A ball python (D:2)
  A goblin (D:1)
  2 hobgoblins (D:1)
  A kobold (D:2)
  A bat (D:1)
7 creatures vanquished.

Action                   || total
-------------------------++-------
 Cast: Flame Tongue      ||    16
Armor: Robe              ||     1
Dodge: Dodged            ||     4

Vault maps used:
D:1:      dpeg_arrival_rooms_with_view
D:2:      lemuel_crystal_altar, ecumenical_altar_2, uniq_crazy_yiuf_cottage
